 Dungeon Crawl Stone Soup version 0.31-a0-229-g1fc7ce93e2 (webtiles) character file.

Game seed: 9943436499825580909

355 qw the Shooter (level 6, -3/52 HPs)
             Began as a Minotaur Hexslinger on July 6, 2023.
             Was an Initiate of Okawaru.
             Slain by a gnoll
             ... wielding a +0 halberd
              (8 damage)
             ... on level 4 of the Dungeon.
             The game lasted 00:01:47 (3016 turns).

qw the Shooter (Minotaur Hexslinger)                Turns: 3016, Time: 00:01:47

Health: -3/52      AC:  7    Str: 16    XL:     6   Next: 36%
Magic:  6/6        EV: 11    Int: 10    God:    Okawaru [......]
Gold:   235        SH:  0    Dex: 14    Spells: 6/7 levels left

rFire   . . .        Y - +1 sling
rCold   . . .        (no shield)
rNeg    . . .        h - +2 ring mail of Greed {Str+3}
rPois   .            (helmet restricted)
rElec   .            (no cloak)
rCorr   .            (no gloves)
SInv    .            (no boots)
Will    .....        (no amulet)
Stlth   +            (no ring)
HPRegen 0.28/turn    (no ring)
MPRegen 0.10/turn

%: no passive effects
@: no status effects
A: horns 2, retaliatory headbutt
a: Renounce Religion


You were on level 4 of the Dungeon.
You worshipped Okawaru.
Okawaru was noncommittal.
You visited 1 branch of the dungeon, and saw 4 of its levels.

You collected 235 gold pieces.


Innate Abilities, Weirdness & Mutations

You have a pair of horns on your head.
You reflexively headbutt those who attack you in melee.


   Skills:
 + Level 3.7 Fighting
 - Level 6.5 Ranged Weapons
 - Level 1.2 Armour
 - Level 2.1 Dodging
 - Level 1.0 Spellcasting
 - Level 2.0 Hexes


You had 6 spell levels left.
You knew the following spells:

 Your Spells              Type           Power      Damage    Failure   Level
a - Slow                  Hex            16%        N/A       28%         1

Your spell library contained the following spells:

 Spells                   Type           Power      Damage    Failure   Level
 Inner Flame              Hex/Fire       2%         N/A       78%         3
 Portal Projectile        Hex/Tloc       4%         N/A       78%         3
 Cause Fear               Hex            2%         N/A       96%         4

Inventory:

Hand Weapons
 Y - a +1 sling (weapon)
Armour
 h - the +2 ring mail of Greed (worn) {Str+3}
   (You found it on level 2 of the Dungeon)

   Str:       It affects your strength (+3).
 j - a +0 robe of fire resistance
Jewellery
 g - a ring of fire
Scrolls
 a - a scroll of identify
Potions
 c - a potion of enlightenment
 d - 2 potions of mutation
 e - a potion of degeneration {unknown}
 f - a potion of haste
 i - a potion of curing
 k - a potion of cancellation {unknown}

Dungeon Overview and Level Annotations

Branches:
Dungeon (4/15)
 Temple: D:4-7

Altars:
Makhleb
Okawaru
Ru
Zin

Shops:
D:3 :


Message History

You shoot a sling bullet.
The sling bullet hits the gnoll but does no damage.
The gnoll is severely wounded.
The gnoll hits you from afar with a +0 spear.
The gnoll hits you from afar with a +0 halberd!
You shoot a sling bullet. The sling bullet hits the gnoll.
The gnoll is almost dead.
The gnoll barely misses you.
The gnoll hits you from afar with a +0 halberd.
You shoot a sling bullet. The sling bullet hits the gnoll!
The gnoll is heavily wounded.
The gnoll hits you but does no damage.
The gnoll hits you from afar with a +0 halberd.
You shoot a sling bullet. The sling bullet hits the gnoll.
The gnoll is severely wounded.
The gnoll closely misses you. The gnoll barely misses you.
The gnoll hits you from afar with a +0 halberd!
The gnoll closely misses you. x2; You furiously retaliate!
You headbutt the gnoll.
You kill the gnoll!
Okawaru accepts your kill. The gnoll misses you.
You shoot a sling bullet. The sling bullet hits the gnoll.
The gnoll is almost dead.
The gnoll hits you but does no damage. The gnoll closely misses you.
You shoot a sling bullet. The sling bullet hits the gnoll.
You kill the gnoll!
Okawaru accepts your kill.
The gnoll hits you from afar with a +0 halberd!
You shoot a sling bullet.
The sling bullet closely misses the gnoll.
The gnoll hits you from afar with a +0 halberd.
You shoot a sling bullet. The sling bullet hits the gnoll.
The gnoll is moderately wounded.
The gnoll hits you from afar with a +0 halberd!
You shoot a sling bullet.
The sling bullet barely misses the gnoll.
The gnoll misses you.
The gnoll hits you from afar with a +0 halberd!
You die...

#.........#...............###.#..
#.........#...................###
#.........#......................
#.........#......................
#.........+......................
#...###...#......................
#...###...########......#########
#...............)#......
#...............@').....
#................#g.....
#................# .....
#...###...####...# ....
###+###)..####...### ...
#...>#......#......# ..
#....'......#......# ......#
#....#......+.....#######....#
#....#....<.#.....#.....#....#


You could see a gnoll.

Vanquished Creatures
  A black bear (D:4)
  A scorpion (D:4)
  An iguana (D:4)
  8 adders
  2 gnolls (D:4)
  A worm (D:4)
  3 dart slugs
  10 orcs (D:4)
  8 ball pythons
  5 bats
  5 endoplasms
  2 giant cockroaches
  4 goblins
  7 hobgoblins
  2 jackals (D:1)
  5 quokkas
  6 kobolds
  5 rats
76 creatures vanquished.

Notes
Turn   | Place    | Note
-------+----------+-------------------------------------------
     0 | D:1      | qw the Minotaur Hexslinger began the quest for the Orb.
     0 | D:1      | Reached XP level 1. HP: 16/16 MP: 1/1
     0 | D:1      | 0 ||| qw: Version: 0.3-a-46-gb1f654a
     0 | D:1      | 0 ||| qw: Game counter: 1683
     0 | D:1      | 0 ||| qw: Melee chars always use a shield: true
     0 | D:1      | 0 ||| qw: God list: Okawaru
     0 | D:1      | 0 ||| qw: Allow faded altars: false
     0 | D:1      | 0 ||| qw: Do Orc after clearing Dungeon:15 true
     0 | D:1      | 0 ||| qw: Do second Lair branch before Depths: true
     0 | D:1      | 0 ||| qw: Lair rune preference: random
     0 | D:1      | 0 ||| qw: Goals: Normal
     0 | D:1      | 0 ||| PLANNING D:1-11
    66 | D:1      | Reached skill level 3 in Ranged Weapons
    66 | D:1      | Reached XP level 2. HP: 23/23 MP: 2/2
   388 | D:1      | Found a faded altar of an unknown god.
   682 | D:1      | 682 ||| UPGRADING to +0 leather armour.
   692 | D:1      | 692 ||| DROPPING +0 robe.
   693 | D:1      | 693 ||| UPGRADING to +0 ring mail.
   703 | D:1      | 703 ||| DROPPING +0 leather armour.
   704 | D:1      | 704 ||| DROPPING ring of magical power.
   705 | D:1      | 705 ||| READING scroll labelled VETSEJ DASABIU.
   706 | D:1      | 706 ||| DRINKING 2 orange potions.
   707 | D:1      | 707 ||| DROPPING scroll of poison.
   795 | D:2      | Reached XP level 3. HP: 29/29 MP: 3/3
   881 | D:2      | Reached skill level 4 in Ranged Weapons
   936 | D:2      | Reached skill level 1 in Armour
  1178 | D:2      | Identified the +2 ring mail of Greed {Str+3}
  1313 | D:2      | 1313 ||| UPGRADING to +2 ring mail of Greed {Str+3}.
  1323 | D:2      | 1323 ||| DROPPING +0 ring mail.
  1324 | D:2      | 1324 ||| READING scroll labelled JECZY LEIWIDO.
  1325 | D:2      | 1325 ||| READING scroll labelled FEMMUE VIPHUE.
  1378 | D:2      | 1378 ||| DRINKING 2 viscous amethyst potions.
  1381 | D:2      | 1381 ||| READING 3 scrolls of identify.
  1381 | D:2      | 1381 ||| IDENTIFYING fuming coppery potion
  1382 | D:2      | 1382 ||| READING 2 scrolls of identify.
  1382 | D:2      | 1382 ||| IDENTIFYING glowing yellow potion
  1383 | D:2      | 1383 ||| DROPPING potion of ambrosia.
  1384 | D:2      | 1384 ||| DROPPING potion of brilliance.
  1422 | D:3      | 1422 ||| STAIRDANCE
  1452 | D:3      | Reached XP level 4. HP: 33/36 MP: 4/4
  1522 | D:3      | Found Gawko Webro's Book Shop.
  1691 | D:3      | Reached skill level 5 in Ranged Weapons
  1941 | D:3      | 1941 ||| READING scroll labelled LOIVAIF OKLOUR.
  1942 | D:3      | 1942 ||| DRINKING 2 puce potions.
  1943 | D:3      | 1943 ||| DRINKING 2 metallic sapphire potions.
  2048 | D:3      | 2048 ||| DROPPING potion of attraction.
  2049 | D:3      | 2049 ||| DROPPING potion of berserk rage.
  2121 | D:4      | Found a burning altar of Makhleb.
  2298 | D:4      | 2298 ||| READING 2 scrolls of identify.
  2298 | D:4      | 2298 ||| IDENTIFYING glowing red potion
  2299 | D:4      | 2299 ||| DROPPING potion of lignification.
  2319 | D:4      | Reached skill level 3 in Fighting
  2319 | D:4      | Reached XP level 5. HP: 22/45 MP: 5/5
  2325 | D:4      | HP: 10/45 [worm (6)]
  2330 | D:4      | HP: 5/45 [worm (6)]
  2335 | D:4      | HP: 5/45 [constriction (1)]
  2335 | D:4      | HP: 2/45 [ball python (3)]
  2584 | D:4      | Found a glowing silver altar of Zin.
  2620 | D:4      | HP: 10/45 [poisoned by a scorpion]
  2625 | D:4      | HP: 6/45 [poisoned by a scorpion]
  2849 | D:4      | Found an iron altar of Okawaru.
  2850 | D:4      | 2850 ||| PLANNING OKAWARU WORSHIP
  2850 | D:4      | 2850 ||| READING 3 scrolls labelled XEKIGO HIOKO.
  2851 | D:4      | 2851 ||| DRINKING 2 blue potions.
  2852 | D:4      | 2852 ||| READING 2 scrolls of identify.
  2852 | D:4      | 2852 ||| IDENTIFYING dark potion
  2853 | D:4      | 2853 ||| DROPPING 2 scrolls of fear.
  2861 | D:4      | Became a worshipper of Warmaster Okawaru
  2862 | D:4      | 2862 ||| PLANNING D:1-11
  2865 | D:4      | Noticed a black bear
  2875 | D:4      | Killed a black bear
  2876 | D:4      | Reached skill level 6 in Ranged Weapons
  2876 | D:4      | Reached XP level 6. HP: 26/51 MP: 6/6
  2982 | D:4      | Found a sacrificial altar of Ru.
  3014 | D:4      | HP: 13/52 [gnoll/+0 halberd (2)]
  3015 | D:4      | HP: 4/52 [gnoll/+0 halberd (9)]
  3016 | D:4      | Slain by a gnoll

Levels and vault maps discovered:
D:1:      saegor_arrival_simple_b, layout_loops_ring,
          shapermc_ecumenical_altar_venn, minmay_pentomino_o4
D:2:      layout_loops_ring
D:3:      layout_rooms, serial_shops, nicolae_shop_tiny_waterfront,
          serial_bayou_pond_d, dk_noncrumbling_4, minivault_5
D:4:      minmay_general_purpose_star, layout_gridville, amcnicky_altar_gilded,
          mainiacjoe_overflow_alcove_2, mainiacjoe_overflow_24_doors,
          kennysheep_mini_moat

Skill      XL: |  1  2  3  4  5 |
---------------+----------------+-----
Ranged Weapons | 3 4 5 6 |  6.5
Fighting       | 2 3 |  3.7
Armour         | 1 |  1.2
Dodging        | |  2.1
Spellcasting   | |  1.0
Hexes          | |  2.0

Action                     |  1- 3 |  4- 6 || total
---------------------------+-------+-------++-------
   Fire: Sling             |   118 |   165 ||   283
    Use: Scroll            |     5 |     4 ||     9
         Potion            |     2 |     3 ||     5
 Armour: Ring mail         |    16 |    40 ||    56
  Dodge: Dodged            |    38 |    66 ||   104

Table legend:
 A = Non-vault XP
 B = Vault XP
 C = Vault XP percentage of total XP
 D = Non-vault monster count
 E = Vault monster count
 F = Vault count percentage of total count
                 A         B        C        D         E       F
            +---------+---------+-------+---------+---------+-------
      Total |     458 |      50 |   9.8 |      69 |       7 |   9.2
            +---------+---------+-------+---------+---------+-------
        D:1 |      25 |       9 |  26.5 |      14 |       4 |  22.2
        D:2 |      61 |       0 |   0.0 |      21 |       0 |   0.0
        D:3 |      66 |       0 |   0.0 |      10 |       0 |   0.0
        D:4 |     306 |      41 |  11.8 |      24 |       3 |  11.1
            +---------+---------+-------+---------+---------+-------
